 Dungeon Crawl Stone Soup version 0.29-a0-541-gaf1fc19f1b (webtiles) character file.

Game seed: 14863554382210746695

686 happo123 the Sneak (level 7, -1/40 HPs)
             Began as a Kobold Enchanter on June 2, 2022.
             Slain by an orc wizard
             ... wielding a +0 dagger
              (3 damage)
             ... on level 4 of the Dungeon.
             The game lasted 00:22:59 (4396 turns).

happo123 the Sneak (Kobold Enchanter)               Turns: 4396, Time: 00:22:59

Health: -1/40      AC:  2    Str:  6    XL:     7   Next: 94%
Magic:  6/12       EV: 16    Int: 18    God:
Gold:   239        SH:  0    Dex: 15    Spells: 4/12 levels left

rFire   . . .      SeeInvis .   h - +4 dagger
rCold   . . .      Faith    .   (no shield)
rNeg    + . .      Spirit   .   b - +0 robe
rPois   .          Reflect  .   (no helmet)
rElec   .          Harm     .   e - scarf {+Inv}
rCorr   .          Rampage  .   (no gloves)
Will    +....                   (no boots)
Stlth   ++++......              g - amulet of magic regeneration
HPRegen 0.13/turn               o - ring of positive energy
MPRegen 0.53/turn               v - ring of willpower

@: very slightly contaminated
A: small, no large weapons, nightstalker 3
a: Evoke Invisibility


You were on level 4 of the Dungeon.
You visited 1 branch of the dungeon, and saw 4 of its levels.
You also visited: Sewer.

You collected 261 gold pieces.
You spent 22 gold pieces at shops.

Inventory:

Hand Weapons
 a - a +1 dagger
 d - a +3 dagger
 h - a +4 dagger (weapon)
Missiles
 l - 2 throwing nets
Armour
 b - a +0 robe (worn)
 e - a scarf of invisibility (worn)
Jewellery
 g - an amulet of magic regeneration (around neck)
 o - a ring of positive energy (left hand)
 v - a ring of willpower (right hand)
 x - an amulet of reflection
Wands
 n - a wand of polymorph (8)
 p - a wand of acid (14)
 r - a wand of flame (12)
Scrolls
 c - a scroll of immolation {unknown}
 f - 2 scrolls of teleportation
 i - a scroll of magic mapping {unknown}
 j - a scroll of fog {unknown}
 k - 2 scrolls of enchant armour
 m - a scroll of brand weapon {unknown}
 s - a scroll of identify
 u - a scroll of fear
Potions
 q - a potion of haste
 t - a potion of mutation {unknown}
 w - a potion of ambrosia {unknown}
 z - a potion of heal wounds {unknown}


   Skills:
 + Level 2.5 Fighting
 + Level 3.4 Short Blades
 + Level 3.9 Dodging
 + Level 5.7 Stealth
 + Level 3.4 Spellcasting
 + Level 0.7 Conjurations
 * Level 4.9 Hexes
 * Level 3.9 Evocations


You had 4 spell levels left.
You knew the following spells:

 Your Spells              Type           Power      Damage    Failure   Level
a - Ensorcelled Hibernat  Hex/Ice        24%        N/A       9%          2
b - Confusing Touch       Hex            20%        N/A       6%          3
c - Tukima's Dance        Hex            20%        N/A       6%          3

Your spell library contained the following spells:

 Spells                   Type           Power      Damage    Failure   Level
 Slow                     Hex            80%        N/A       1%          1
 Dazzling Flash           Conj/Hex       26%        N/A       14%         3
 Necrotize                Necr           12%        1d4       16%         1
 Static Discharge         Conj/Air       4%         N/A       21%         2
 Passwall                 Tmut/Erth      2%         N/A       24%         2
 Spider Form              Tmut/Pois      3%         N/A       43%         3
 Swiftness                Air            3%         N/A       43%         3
 Vampiric Draining        Necr           3%         2d6       43%         3
 Anguish                  Hex/Necr       6%         N/A       50%         4
 Sticky Flame             Conj/Fire      4%         2d3       78%         4
 Dispel Undead            Necr           3%         3d7       83%         4
 Agony                    Necr           3%         N/A       99%         5


Dungeon Overview and Level Annotations

Branches:
Dungeon (4/15)              Sewer (visited)
 Temple: D:4-7

Altars:
Okawaru

Shops:
D:1 [   D:2 :=*[(


Innate Abilities, Weirdness & Mutations

You are small and have problems with some larger weapons.
You are completely attuned to the shadows.


Message History

Confirm with . or Enter, or press ? or * to list all spells.
You miscast Confusing Touch.
Nothing appears to happen.
The orc wizard mumbles some strange words.
The orc wizard flickers and vanishes!
Something hits you. Something hits you. x2
Casting: Confusing Touch (dangerous; 6% risk of failure)
Confirm with . or Enter, or press ? or * to list all spells.
Your hands begin to glow red.
You hear some strange, mumbled words.
A puff of flame appears from out of thin air!
The puff of flame misses you. Something hits you.
You hit something but do no damage. Something hits you. x2
You hit something but do no damage. Something barely misses you.
Something hits you.
You hit something but do no damage. Something hits you.
Something hits you but does no damage.
You closely miss something. Something hits you. Something barely misses you.
You miss something. You barely miss something. Something hits you.
Something barely misses you.
You closely miss something. Something hits you.
You hear some strange, mumbled words.
A puff of flame appears from out of thin air!
The puff of flame hits you.
* * * LOW HITPOINT WARNING * * *
You hit something but do no damage. Something hits you.
* * * LOW HITPOINT WARNING * * *
Something barely misses you.
You hit something but do no damage. Something hits you but does no damage.
Casting: Confusing Touch (dangerous; 6% risk of failure)
Confirm with . or Enter, or press ? or * to list all spells.
Your hands begin to glow red.
Something barely misses you. x2
You hit something but do no damage. Something hits you.
* * * LOW HITPOINT WARNING * * *
You hit something but do no damage. You hit something but do no damage.
Something hits you.
* * * LOW HITPOINT WARNING * * *
Something hits you.
* * * LOW HITPOINT WARNING * * *
You hit something but do no damage. Something hits you.
You die...

#....###
#.##.....
#.#.#.#.#.
#######
#..........
......#
###.#.#.#.#.
#####.#
#..........
#.#
##.#.#.#.#.
#.#
#.{{.......
#.#
##@#.#.#.#D
#.# #######
# #.####
#####.....
..P.....##
≈≈.....P#
≈≈≈P.P..#
≈≈≈≈≈...#
≈≈≈≈≈.P.#


There were no monsters in sight!

Vanquished Creatures
  Sigmund (D:3)
  Pargi (Sewer)
  The ghost of turdburglar the Sneak, an amateur KoEn (D:3)
  A scorpion (D:4)
  An orc priest (D:4)
  2 hounds
  An orc wizard (D:4)
  Robin (D:3)
  A gnoll (D:1)
  5 adders
  3 worms
  2 dart slugs
  11 orcs
  4 endoplasms
  6 giant cockroaches
  11 goblins
  10 hobgoblins
  7 quokkas
  8 ball pythons
  2 bats
  8 frilled lizards
  10 kobolds
  5 rats
102 creatures vanquished.

Notes
Turn   | Place    | Note
-------+----------+-------------------------------------------
     0 | D:1      | happo123 the Kobold Enchanter began the quest for the Orb.
     0 | D:1      | Reached XP level 1. HP: 10/10 MP: 3/3
   178 | D:1      | Found a faded altar of an unknown god.
   341 | D:1      | Reached XP level 2. HP: 15/15 MP: 5/5
   387 | D:1      | Learned a level 2 spell: Ensorcelled Hibernation
   467 | D:1      | Found Yjorair's Armour Shop.
   581 | D:1      | Reached XP level 3. HP: 19/20 MP: 6/6
   585 | D:1      | Learned a level 3 spell: Confusing Touch
   798 | D:1      | Reached skill level 1 in Evocations
   973 | D:2      | Found Asiutin's Jewellery Shop.
   995 | D:2      | Found Miaxiw's Antique Armour Emporium.
  1120 | D:2      | Reached XP level 4. HP: 24/24 MP: 7/7
  1124 | D:2      | Learned a level 3 spell: Tukima's Dance
  1475 | D:2      | Found Weum's General Store.
  1484 | D:2      | Bought a scroll of identify for 22 gold pieces
  1524 | D:2      | Found Lamemar's Book Boutique.
  1556 | D:2      | Found an iron altar of Okawaru.
  1856 | D:2      | Found Zullul's Antique Weapon Emporium.
  2012 | D:3      | Reached skill level 1 in Fighting
  2032 | D:3      | Noticed Sigmund
  2189 | D:3      | Noticed Robin
  2194 | D:3      | Killed Robin
  2363 | D:3      | Found a glowing drain.
  2369 | Sewer    | Entered a sewer
  2477 | Sewer    | Reached XP level 5. HP: 29/29 MP: 9/9
  2480 | Sewer    | Noticed Pargi
  2490 | Sewer    | Killed Pargi
  2491 | Sewer    | Reached XP level 6. HP: 15/34 MP: 10/10
  2908 | D:3      | Killed Sigmund
  2909 | D:3      | Reached skill level 5 in Stealth
  2909 | D:3      | Reached XP level 7. HP: 40/40 MP: 6/11
  2955 | D:3      | Found a large runed translucent door.
  2955 | D:3      | Found a large runed translucent door.
  3208 | D:3      | Noticed turdburglar's ghost (amateur KoEn)
  3214 | D:3      | Killed turdburglar's ghost
  3429 | D:4      | HP: 1/40 [kobold/+0 dagger (2)]
  4369 | D:4      | Noticed a steam dragon
  4395 | D:4      | HP: 2/40 [something (2)]
  4396 | D:4      | Slain by an orc wizard

Illustrated notes

Levels and vault maps discovered:
D:1:      dpeg_arrival_stone_temple_mockup, layout_basic,
          ebering_ecumenical_altar_petrified, serial_shops, shop
D:2:      layout_loops_ring, serial_shops, shop, nicolae_shop_waterfront,
          nicolae_shop_hallway_stairs,
          nicolae_shop_temple_entry_statues_fountains, shop, basic_altar,
          chequers_serial_rivers_marsh
D:3:      layout_loops_ring, cheibrodos_sewer_entry_drain,
          ebering_ghost_disaster_area, uniq_sigmund, uniq_robin
D:4:      layout_basic, mainiacjoe_overflow_alcove_1, st_stairs_12,
          minmay_crystal_room, hex_large, guppyfry_early_lair_pool

Skill      XL: |  1  2  3  4  5  6 |
---------------+-------------------+-----
Evocations     | 1 2 3 |  3.9
Fighting       | 1 2 |  2.5
Short Blades   | 2 3 |  3.4
Dodging        | 3 |  3.9
Hexes          | 4 |  4.9
Spellcasting   | 3 |  3.4
Stealth        | 5 |  5.7
Conjurations   | |  0.7

Action                   |  1- 3 |  4- 6 |  7- 9 || total
-------------------------+-------+-------+-------++-------
Melee: Dagger            |    37 |    64 |    57 ||   158
       Punch             |       |       |     1 ||     1
 Cast: Ensorcelled Hiber |     5 |    25 |    36 ||    66
       Confusing Touch   |       |     1 |     3 ||     4
 Abil: Evoke Invisibilit |     1 |       |       ||     1
  Use: Scroll            |       |     1 |     4 ||     5
       Potion            |       |     1 |     1 ||     2
 Stab: Sleeping          |    22 |    37 |    28 ||    87
       Invisible         |     1 |     2 |       ||     3
       Confused          |       |       |     2 ||     2
Armor: Robe              |       |     6 |     6 ||    12
Dodge: Dodged            |     9 |    45 |    35 ||    89

Table legend: (Time is in decaauts)
 A = Elapsed time spent in this place.
 B = Non-inter-level travel time spent in this place.
 C = Inter-level travel time spent in this place.
 D = Time resting spent in this place.
 E = Time spent auto-exploring this place.
 F = Levels seen in this place.
 G = Mean time per level.
                   A        B        C        D        E       F      G
               +--------+--------+--------+--------+--------+-----+--------+
         Total |   4388 |   3836 |    552 |    754 |   2254 |   5 |  877.6 |
       Dungeon |   4058 |   3506 |    552 |    555 |   2254 |   4 | 1014.5 |
         Sewer |    330 |    330 |      0 |    199 |      0 |   1 |  330.0 |
               +--------+--------+--------+--------+--------+-----+--------+

Top non-repeatable levels by time:
     D:2: 1151 daAuts
     D:4: 1136 daAuts
     D:1: 960 daAuts
     D:3: 809 daAuts
   Sewer: 330 daAuts
